AoeStats
← Rey de Copas

Arena

510381026Analyzed
4v4 RM · 1d ago on Sep 30, 2026· 82m 23s· 8 players
Game mode
Random Map
Map size
Large (8 player)
Population
200
Speed
Normal
Resources
Standard
Victory
Conquest
Starting age
Dark Age
Ending age
Imperial Age
RankedLock teamsTeams togetherTeam positionsShared explorationLock speedFull tech treeHidden civsTurbo modeCheats
Victory
Defeat
🇨🇦 Britons · Canada
1201
+14
🇧🇷 Turks · Brazil
1186
+15
🇲🇽 Hindustanis · Mexico
1143
+17
🇺🇸 Ethiopians · United States
1136
+17
🇨🇳 Turks · China
1322
-23
🇨🇳 Spanish · China
1190
-17
🇪🇸 Franks · Spain
1154
-15
🇨🇳 Khmer · China
968
-8
459397317
10:52 Feudal Age
12:37 Double-Bit Axe
14:58 Castle Age
14:08 Loom
16:14 Bow Saw
15:45 Horse Collar
16:58 Padded Archer Armor
25:09 Leather Archer Armor
34:05 Imperial Age
32:34 Wheelbarrow
33:01 Bloodlines
32:51 Husbandry
33:49 Scale Barding Armor
33:55 Forging
35:05 Chain Barding Armor
34:55 Forging
35:16 Heavy Plow
35:53 Forging
37:13 Plate Barding Armor
37:14 Iron Casting
36:49 Cavalier
38:44 Iron Casting
39:17 Fletching
39:57 Ring Archer Armor
39:17 Fletching
39:57 Ring Archer Armor
39:54 Thumb Ring
39:11 Elite Skirmisher
40:14 Bodkin Arrow
41:54 Ballistics
43:32 Chemistry
42:39 Bracer
42:36 Light Cavalry
44:17 Blast Furnace
44:24 Hussar
47:18 Hand Cart
48:06 Conscription
50:52 Scale Mail Armor
51:12 Pikeman
51:38 Gambesons
51:53 Squires
51:38 Arson
52:09 Chain Mail Armor
51:48 Halberdier
55:37 Plate Mail Armor
56:07 Gold Mining
56:07 Stone Mining
56:30 Caravan
62:34 Paladin
Ace
5:44 Loom
8:50 Loom
11:13 Feudal Age
13:20 Double-Bit Axe
16:03 Castle Age
16:56 Bow Saw
24:40 Stone Mining
24:42 Gold Mining
26:41 Wheelbarrow
30:32 Imperial Age
29:07 Hand Cart
30:07 Forging
30:00 Scale Mail Armor
30:52 Gold Shaft Mining
31:15 Ballistics
31:34 Iron Casting
31:46 Conscription
30:48 Elite Throwing Axeman
32:37 Chain Mail Armor
32:42 Husbandry
32:03 Cavalier
32:09 Elite Throwing Axeman
33:50 Paladin
35:31 Scale Barding Armor
35:21 Capped Ram
35:28 Capped Ram
38:35 Elite Skirmisher
39:10 Fletching
39:20 Padded Archer Armor
39:41 Chain Barding Armor
39:16 Fletching
39:26 Padded Archer Armor
43:56 Bodkin Arrow
44:17 Leather Archer Armor
44:38 Plate Barding Armor
45:03 Blast Furnace
45:09 Hoardings
47:07 Chemistry
46:18 Careening
46:21 Fortified Wall
55:23 Caravan
65:17 Ordonnance Companies
464905725
12:03 Feudal Age
13:26 Double-Bit Axe
16:44 Castle Age
18:36 Bow Saw
19:38 Horse Collar
24:29 Heavy Plow
24:27 Gold Mining
30:52 Imperial Age
30:03 Caravan
31:47 Gold Shaft Mining
31:02 Stone Mining
32:19 Wheelbarrow
32:18 Crop Rotation
32:00 Scale Barding Armor
34:09 Elite Battle Elephant
35:18 Chain Barding Armor
35:09 Forging
34:59 Fletching
35:15 Heavy Scorpion
37:09 Plate Barding Armor
37:33 Ballistics
37:55 Tusk Swords
37:58 Double Crossbow
40:07 Iron Casting
39:30 Bodkin Arrow
53:32 Siege Engineers
60:31 Coinage
641627092
8:49 Loom
10:36 Feudal Age
14:39 Castle Age
12:46 Double-Bit Axe
13:55 Horse Collar
28:32 Gold Mining
32:15 Imperial Age
31:28 Wheelbarrow
31:23 Fletching
32:36 Gold Shaft Mining
32:26 Heavy Plow
32:19 Stone Mining
35:07 Thumb Ring
35:27 Parthian Tactics
35:31 Bodkin Arrow
35:36 Padded Archer Armor
37:10 Sipahi
37:11 Conscription
37:15 Leather Archer Armor
38:48 Ballistics
38:50 Hand Cart
40:08 Heavy Cavalry Archer
40:56 Murder Holes
42:16 Bracer
42:46 Ring Archer Armor
47:48 Bloodlines
47:38 Husbandry
49:58 Forging
49:54 Scale Barding Armor
53:23 Iron Casting
55:16 Bow Saw
55:31 Chain Barding Armor
60:17 Two-Man Saw
61:56 Blast Furnace
61:32 Plate Barding Armor
67:54 Loom
Zizzle4879
10:58 Feudal Age
10:12 Loom
15:08 Castle Age
13:42 Double-Bit Axe
14:19 Horse Collar
14:53 Scale Mail Armor
15:50 Forging
16:15 Squires
17:27 Crossbowman
18:25 Fletching
25:22 Arson
31:17 Imperial Age
30:00 Gold Mining
30:03 Stone Mining
31:31 Town Watch
31:25 Elite Shotel Warrior
34:07 Iron Casting
35:24 Chain Mail Armor
37:03 Plate Mail Armor
36:41 Royal Heirs
37:03 Conscription
36:43 Elite Skirmisher
37:29 Thumb Ring
37:29 Fletching
37:40 Padded Archer Armor
38:50 Wheelbarrow
38:28 Bodkin Arrow
40:44 Bracer
41:20 Leather Archer Armor
44:36 Halberdier
48:50 Ballistics
52:59 Ring Archer Armor
57:33 Blast Furnace
80:43 Caravan
elsuum_93
10:30 Feudal Age
11:51 Double-Bit Axe
14:34 Castle Age
14:30 Horse Collar
15:33 Wheelbarrow
16:03 Bow Saw
22:57 Fletching
23:30 Ballistics
23:39 Padded Archer Armor
24:11 Gold Mining
26:27 Hand Cart
26:23 Loom
26:24 Town Watch
26:37 Bodkin Arrow
26:57 Leather Archer Armor
29:57 Imperial Age
27:41 Bodkin Arrow
28:02 Leather Archer Armor
28:57 Yeomen
28:06 Pikeman
28:46 Squires
29:05 Scale Mail Armor
29:16 Forging
29:50 Heavy Plow
30:31 Chain Mail Armor
30:22 Town Watch
31:08 Conscription
31:04 Bracer
32:07 Chemistry
31:43 Ring Archer Armor
31:50 Iron Casting
30:55 Halberdier
37:59 Plate Mail Armor
38:31 Blast Furnace
36:53 Elite Longbowman
37:00 Elite Longbowman
38:12 Arson
56:51 Caravan
58:19 Scale Barding Armor
59:33 Husbandry
58:54 Light Cavalry
61:34 Chain Barding Armor
65:23 Plate Barding Armor
65:49 Two-Man Saw
72:55 Coinage
75:27 Coinage
Rey de Copas
11:16 Feudal Age
12:21 Double-Bit Axe
14:51 Castle Age
12:55 Horse Collar
19:34 Fletching
21:02 Padded Archer Armor
20:58 Elite Skirmisher
21:44 Bodkin Arrow
23:11 Ballistics
23:37 Leather Archer Armor
30:33 Thumb Ring
33:06 Imperial Age
31:15 Heavy Plow
34:53 Chemistry
34:19 Shatagni
34:40 Conscription
34:31 Thumb Ring
34:33 Bracer
35:05 Ring Archer Armor
45:22 Forging
45:18 Scale Barding Armor
45:59 Bloodlines
45:11 Heavy Camel Rider
46:39 Iron Casting
46:27 Husbandry
47:08 Chain Barding Armor
46:37 Imperial Camel Rider
50:14 Plate Barding Armor
51:09 Blast Furnace
60:06 Scale Mail Armor
59:30 Elite Ghulam
62:10 Chain Mail Armor
65:58 Light Cavalry
67:41 Hussar
Pino
11:30 Feudal Age
15:27 Castle Age
20:57 Imperial Age
32:19 Loom
43:09 Double-Bit Axe
44:16 Horse Collar
46:09 Padded Archer Armor
57:35 Leather Archer Armor
63:11 Forging
63:06 Scale Barding Armor
63:12 Scale Barding Armor
65:35 Iron Casting
65:07 Husbandry
66:21 Bloodlines
69:47 Blast Furnace
70:55 Chain Barding Armor
75:01 Plate Barding Armor
Connection lost

Rejoining the realm…

Still unreachable

The connection could not be restored.

Session expired

The server has moved on; the page needs a fresh start.